 Dungeon Crawl Stone Soup version 0.29-a0-266-gf56f883ddd (webtiles) character file.

Game seed: 11230949410710036711

869 spaghetti the Fighter (level 7, -29/68 HPs)
             Began as a Demigod Hunter on Mar 7, 2022.
             Annihilated by an ogre
             ... wielding a +0 giant spiked club
              (35 damage)
             ... on level 5 of the Dungeon.
             The game lasted 00:07:07 (4379 turns).

spaghetti the Fighter (Demigod Hunter)              Turns: 4379, Time: 00:07:08

Health: -29/68     AC:  6    Str: 22 (23) XL:     7   Next: 44%
Magic:  9/9        EV: 12    Int: 10 (13) God:
Gold:   100        SH:  0    Dex: 14      Spells: 6/6 levels left

rFire   . . .      SeeInvis +   b - +0 trident (venom) {polearm}
rCold   . . .      Faith    .   (no shield)
rNeg    . . .      Spirit   .   h - +1 leather armour
rPois   +          Reflect  .   (no helmet)
rElec   .          Harm     .   q - +0 cloak
rCorr   .          Rampage  .   (no gloves)
Will    +....                   r - +0 pair of boots
Stlth   +.........              (no amulet)
HPRegen 0.21/turn               s - ring of willpower
MPRegen 0.11/turn               (no ring)

@: no status effects
A: high MP 1, forlorn, divine attributes, see invisible, poison resistance,
strong 1
a: no special abilities


You were on level 5 of the Dungeon.
You visited 1 branch of the dungeon, and saw 5 of its levels.

You collected 163 gold pieces.
You spent 63 gold pieces at shops.


Innate Abilities, Weirdness & Mutations

You have an increased reservoir of magic. (+10% MP)
You shall have no god before yourself.
Your divine heritage dramatically boosts your attributes as you level up.
You have supernaturally acute eyesight. (SInv)
Your system is resistant to poisons. (rPois)
Your muscles are strong. (Str +2)


   Skills:
 + Level 8.1 Fighting
 - Level 4.0 Bows
 - Level 1.7 Dodging
 - Level 0.8 Stealth


You had 6 spell levels left.
You didn't know any spells.
Your spell library contained the following spells:

 Spells                   Type           Power      Damage    Failure   Level
 Confusing Touch          Hex            0%         N/A       78%         3
 Petrify                  Tmut/Erth      0%         N/A       99%         4
 Summon Ice Beast         Ice/Summ       0%         N/A       99%         4
 Alistair's Intoxication  Tmut/Pois      0%         N/A       100%        5
 Yara's Violent Unravell  Hex/Tmut       0%         3d3       100%        5
 Enfeeble                 Hex            0%         N/A       100%        7

Inventory:

Hand Weapons
 a - a +1 shortbow {bow}
 b - a +0 trident of venom (weapon) {polearm}
   (You found it on level 2 of the Dungeon)
Missiles
 f - 3 boomerangs {throwing}
 i - 9 poisoned darts {throwing}
 j - 123 stones {throwing}
Armour
 h - a +1 leather armour (worn)
 q - a +0 cloak (worn)
   (You found it on level 3 of the Dungeon)
 r - a +0 pair of boots (worn)
   (You bought it in a shop on level 3 of the Dungeon)
Magical Staves
 g - a staff of fire {!astaff}
   (You found it on level 1 of the Dungeon)
Jewellery
 p - a ring of fire
   (You found it on level 3 of the Dungeon)
 s - a ring of willpower (left hand)
   (You took it off an orc priest on level 4 of the Dungeon)
Scrolls
 c - 3 scrolls of immolation {!r!r}
 o - 2 scrolls of magic mapping {!r}
Potions
 n - a potion of brilliance

Dungeon Overview and Level Annotations

Branches:
Dungeon (5/15)             Temple (0/1) D:4

Shops:
D:3

*:[:( ####### .#
.......#####...#
####..†<...#
#...#.####...#
....##@##### .#
#.#####hO...#
#.......#+#.#
...####..# #$.#
#..# #.## #.#
.$#


You could see an ogre (very poisoned) and a hound.


Message History

There is an entrance to a sewer on this level.
Hurry and find it before the portal rusts away!
There is a stone staircase leading up here.
Unknown command.
A necrophage is nearby!
A necrophage is nearby!
You reach to attack!
You puncture the necrophage! You barely miss the necrophage.
The necrophage hits you but does no damage.
You hit the necrophage but do no damage.
The necrophage closely misses you.
You puncture the necrophage!
The necrophage hits you but does no damage.
The necrophage completely misses you.
You barely miss the necrophage. The necrophage barely misses you.
You hit the necrophage. The necrophage closely misses you.
You barely miss the necrophage. The necrophage hits you.
The necrophage closely misses you. 😕 HP[-6]
You take 6 damage, and now have 61/67 hp.
You hit the necrophage but do no damage.
The necrophage barely misses you.
You hit the necrophage.
The necrophage hits you but does no damage. 😕 HP[+1]
You hit the necrophage.
You destroy the necrophage!
Your Fighting skill increases to level 8! 😕 HP[+1]
You now have 68 max hp (+1).
No target in view!
No target in view!
No target in view!
No target in view!
No target in view!
No target in view!
No target in view!
No target in view!
You see here a necrophage corpse.
A hound comes into view.
The hound barks! 😎 HP[+5]
Your hp is fully restored (68).
A hound is nearby!
You see here 12 gold pieces.
You miss the hound. The hound bites you but does no damage.
The hound bites you. 😕 HP[-2]
You take 2 damage, and now have 66/68 hp.
You miss the hound. The hound barely misses you.
An ogre comes into view. It is wielding a +0 giant spiked club.
The hound bites you but does no damage.
You barely miss the hound. The hound barely misses you.
The hound bites you. 😕 HP[-2]
You take 2 damage, and now have 64/68 hp.
You completely miss the hound.
You hear the slow rusting of a drain nearby.
The ogre shouts!
The hound bites you. The hound closely misses you. 😕 HP[-2]
You take 2 damage, and now have 62/68 hp.
You hit the hound.
The hound is poisoned.
The hound bites you but does no damage. The hound bites you. 😕 HP[-2]
You take 2 damage, and now have 60/68 hp.
You puncture the hound!
The hound bites you but does no damage. x2
You hit the hound but do no damage.
The hound looks as sick as possible!
You kill the hound!
A hound comes into view.
The ogre hits you with a +0 giant spiked club!!
You feel your strength returning. 😮 HP[-24]
You take 24 damage, and now have 36/68 hp.
MASSIVE DAMAGE!! (PAUSE)
You closely miss the ogre. You puncture the ogre!
The ogre is poisoned.
The ogre closely misses you. The ogre attacks as you move away!
The ogre hits you with a +0 giant spiked club!
* * * LOW HITPOINT WARNING * * *
You see here 12 gold pieces. 😨 HP[-17]
You take 17 damage, and now have 19/68 hp.
MASSIVE DAMAGE!! (PAUSE) 😨 HP[+1]
The ogre attacks as you move away!
The ogre hits you with a +0 giant spiked club!
* * * LOW HITPOINT WARNING * * *
😱 HP[-14]
You take 14 damage, and now have 6/68 hp.
MASSIVE DAMAGE!! (PAUSE)
Okay, then.
Okay, then.
You aren't carrying any items that you can evoke.
Unknown command.
You hit the hound but do no damage.
The hound pauses to sniff the ground.
The hound bites you but does no damage. The hound closely misses you.
The ogre attacks as you move away!
The ogre hits you with a +0 giant spiked club!!
Ouch! That really hurt!
You die...

Skill      XL: |  1  2  3  4  5  6  7 |
---------------+----------------------+-----
Bows           | 4 |  4.0
Fighting       | 2 3 4 5 7 8 |  8.1
Dodging        | |  1.7
Stealth        | |  0.8

Action                   |  1- 3 |  4- 6 |  7- 9 || total
-------------------------+-------+-------+-------++-------
Melee: Trident           |    35 |    80 |    32 ||   147
       Punch             |       |     2 |       ||     2
 Fire: Shortbow          |    69 |       |       ||    69
  Use: Scroll            |     2 |     1 |     4 ||     7
       Potion            |       |     4 |     2 ||     6
 Stab: Sleeping          |     1 |     1 |       ||     2
Armor: Leather armour    |    23 |    29 |    12 ||    64
Dodge: Dodged            |    36 |    54 |    27 ||   117

Levels and vault maps discovered:
D:1:      nzn_arrival_crosshair, layout_basic,
          hellmonk_ecumenical_altar_lost_god
D:2:      layout_basic, nrook_mini_backslash
D:3:      mumra_celtic_spiral_tile, layout_basic, dancing_weapons_uskayaw,
          serial_shops, nicolae_shop_crystal, shop_fountains, shop,
          nicolae_shop_stone, shop
D:4:      layout_basic, minmay_temple_entry_proselytizer, kennysheep_crisscross,
          kennysheep_nondescript
D:5:      layout_loops_cross, mainiacjoe_overflow_surrounded_room,
          gup_sewer_entry_pipe, serial_shops, shop_scrolls,
          minmay_ruined_shrine, uniq_duvessa

Notes
Turn   | Place    | Note
-------+----------+-------------------------------------------
     0 | D:1      | spaghetti the Demigod Hunter began the quest for the Orb.
     0 | D:1      | Reached XP level 1. HP: 17/17 MP: 3/3
     0 | D:1      | magus.rc [v1.9.6]
   215 | D:1      | Reached skill level 4 in Bows
   272 | D:1      | You fall into a shaft and drop 1 floor!
   292 | D:2      | Reached skill level 2 in Fighting
   292 | D:2      | Reached XP level 2. HP: 18/24 MP: 4/4
   599 | D:2      | Reached skill level 3 in Fighting
   599 | D:2      | Reached XP level 3. HP: 26/31 MP: 5/5
  1135 | D:3      | Found Nood's Book Boutique.
  1175 | D:3      | Found Lagouw's Book Boutique.
  1188 | D:3      | Noticed a +0 hand axe
  1190 | D:3      | Noticed a +4 dagger
  1337 | D:3      | Found Atefaw's Armour Boutique.
  1447 | D:3      | Found Camun's Assorted Antiques.
  1471 | D:3      | Reached XP level 4. HP: 40/40 MP: 6/6
  1708 | D:3      | Bought a +0 pair of boots for 63 gold pieces
  1865 | D:3      | You add the spells Summon Ice Beast, Petrify and Alistair's
                  | Intoxication to your library.
  1865 | D:3      | Got Vostro Wexi's Volume of Glacial Moulding
  1900 | D:3      | Found Horor's Weapon Shoppe.
  2133 | D:4      | Noticed a bullfrog
  2136 | D:4      | Noticed an ogre
  2142 | D:4      | HP: 7/40 [orc priest/divine providence (16)]
  2145 | D:4      | Gained mutation: You have supernaturally acute eyesight.
                  | (SInv) [potion of mutation]
  2145 | D:4      | Gained mutation: Your muscles are strong. (Str +2) [potion
                  | of mutation]
  2145 | D:4      | Gained mutation: Your system is resistant to poisons.
                  | (rPois) [potion of mutation]
  2150 | D:4      | HP: 8/40 [orc priest/divine providence (11)]
  2151 | D:4      | HP: 2/40 [bullfrog (7)]
  2153 | D:3      | Killed a bullfrog
  2154 | D:3      | Reached skill level 4 in Fighting
  2496 | D:4      | Reached XP level 5. HP: 33/47 MP: 7/7
  2498 | D:4      | Reached skill level 5 in Fighting
  2770 | D:4      | Noticed a black bear
  2784 | D:4      | HP: 10/48 [black bear (3)]
  2785 | D:4      | Killed a black bear
  2786 | D:4      | Reached XP level 6. HP: 12/57 MP: 8/8
  3094 | D:4      | Found a staircase to the Ecumenical Temple.
  3104 | D:4      | Reached skill level 6 in Fighting
  3485 | D:4      | Reached skill level 7 in Fighting
  3565 | D:4      | You pick up a book of Misfortune and begin reading...
  3565 | D:4      | You add the spells Confusing Touch, Yara's Violent
                  | Unravelling and Enfeeble to your library.
  3632 | D:4      | Reached XP level 7. HP: 36/66 MP: 9/9
  3656 | D:4      | HP: 1/66 [ogre/+0 giant club (31)]
  4321 | D:5      | Entered Level 5 of the Dungeon
  4332 | D:5      | Reached skill level 8 in Fighting
  4377 | D:5      | HP: 6/68 [ogre/+0 giant spiked club (14)]
  4379 | D:5      | Annihilated by an ogre

Vanquished Creatures
  A black bear (D:4)
  4 ogres (D:4)
  A necrophage (D:5)
  A bullfrog (D:3)
  A scorpion (D:4)
  A gnoll shaman (D:4)
  An orc priest (D:4)
  A hound (D:5)
  4 gnolls (D:4)
  7 adders
  3 worms
  A dart slug (D:2)
  2 orcs (D:4)
  3 endoplasms
  3 giant cockroaches
  4 goblins
  2 hobgoblins (D:4)
  8 kobolds
  A quokka (D:3)
  6 ball pythons
  3 bats
  A frilled lizard (D:1)
  2 rats
61 creatures vanquished.

Vanquished Creatures (collateral kills)
  An adder (D:3)
1 creature vanquished.

Grand Total: 62 creatures vanquished

Table legend:
 A = Non-vault XP
 B = Vault XP
 C = Vault XP percentage of total XP
 D = Non-vault monster count
 E = Vault monster count
 F = Vault count percentage of total count
                 A         B        C        D         E       F
            +---------+---------+-------+---------+---------+-------
      Total |    1198 |      44 |   3.5 |      61 |       1 |   1.6
            +---------+---------+-------+---------+---------+-------
        D:1 |      10 |       0 |   0.0 |       6 |       0 |   0.0
        D:2 |      56 |       0 |   0.0 |      15 |       0 |   0.0
        D:3 |     145 |       0 |   0.0 |      15 |       0 |   0.0
        D:4 |     855 |      44 |   4.9 |      23 |       1 |   4.2
        D:5 |     132 |       0 |   0.0 |       2 |       0 |   0.0
            +---------+---------+-------+---------+---------+-------

Illustrated notes

Table legend:
 A = Kills in this place as a percentage of kills in entire the game.
 B = Kills by you in this place as a percentage of kills by you in the entire game.
 C = Kills by friends in this place as a percentage of kills by friends in the entire game.
 D = Other kills in this place as a percentage of other kills in the entire game.
 E = Experience gained in this place as a percentage of experience gained in the entire game.
 F = Experience gained in this place divided by the number of levels of this place that you have seen.
                   A       B       C       D       E      F
               +-------+-------+-------+-------+-------+----------------------
         Total | 100.0 | 100.0 | 100.0 |   N/A | 100.0 | 248.4
       Dungeon | 100.0 | 100.0 | 100.0 |   N/A | 100.0 | 248.4
               +-------+-------+-------+-------+-------+----------------------

Table legend: (Time is in decaauts)
 A = Elapsed time spent in this place.
 B = Non-inter-level travel time spent in this place.
 C = Inter-level travel time spent in this place.
 D = Time resting spent in this place.
 E = Time spent auto-exploring this place.
 F = Levels seen in this place.
 G = Mean time per level.
                   A        B        C        D        E       F      G
               +--------+--------+--------+--------+--------+-----+--------+
         Total |   4423 |   4287 |    136 |   1097 |   2585 |   5 |  884.6 |
       Dungeon |   4423 |   4287 |    136 |   1097 |   2585 |   5 |  884.6 |
               +--------+--------+--------+--------+--------+-----+--------+

Top non-repeatable levels by time:
     D:3: 1827 daAuts
     D:4: 1382 daAuts
     D:2: 866 daAuts
     D:1: 282 daAuts
     D:5: 63 daAuts
